 Dungeon Crawl Stone Soup version 0.28.0-1-gb440e238dd (webtiles) character file.

Game seed: 10636777415258153425

31 hjjsjsjsj the Chiller (level 3, -3/19 HPs)
             Began as a Deep Elf Ice Elementalist on Feb 20, 2022.
             Was a Follower of the Shining One.
             Slain by Sigmund (11 damage)
             ... on level 3 of the Dungeon.
             The game lasted 00:09:19 (695 turns).

hjjsjsjsj the Chiller (Deep Elf Ice Elementalist)    Turns: 695, Time: 00:09:20

Health: -3/19      AC:  6    Str:  5    XL:     3   Next: 7%
Magic:  3/10       EV:  9    Int: 24    God:    the Shining One [*.....]
Gold:   36         SH:  6    Dex: 15    Spells: 8/9 levels left

rFire   . . .      SeeInvis .   (no weapon)
rCold   + . .      Faith    .   (no shield)
rNeg    . . .      Spirit   .   c - +1 ring mail "Dopnadgho" {rC+ Will+ Int+3}
rPois   .          Reflect  .   (no helmet)
rElec   .          Harm     .   (no cloak)
rCorr   .          Rampage  .   (no gloves)
Will    +....                   (no boots)
Stlth   +.........              (no amulet)
HPRegen 0.06/turn               (no ring)
MPRegen 0.12/turn               (no ring)

@: divinely shielded, glowing
A: no striking features
a: Renounce Religion, Divine Shield


You were on level 3 of the Dungeon.
You worshipped the Shining One.
The Shining One was aware of your devotion.
You visited 1 branch of the dungeon, and saw 3 of its levels.

You collected 36 gold pieces.

Inventory:

Armour
 a - a +0 robe
 b - a +0 ring mail
 c - the +1 ring mail "Dopnadgho" (worn) {rC+ Will+ Int+3}
   (You found it on level 2 of the Dungeon)

   Int:       It affects your intelligence (+3).
   rC:        It protects you from cold.
   Will:      It increases your willpower.


   Skills:
 + Level 3.0 Dodging
 + Level 3.1 Stealth
 + Level 3.6 Spellcasting
 + Level 4.7 Ice Magic


You had 8 spell levels left.
You knew the following spells:

 Your Spells              Type           Power      Damage    Failure   Level
a - Freeze                Ice            100%       1d11      7%          1

Your spell library contained the following spells:

 Spells                   Type           Power      Damage    Failure   Level
 Frozen Ramparts          Ice            52%        1d7       22%         3
 Ozocubu's Armour         Ice            26%        N/A       22%         3
 Hailstorm                Conj/Ice       15%        3d5       88%         4


Dungeon Overview and Level Annotations

Branches:
Dungeon (3/15)

Altars:
Xom
The Shining One

Annotations:
D:3 Sigmund


Message History

The endoplasm hits you but does no damage.
Aiming: Freeze (safe; 7% risk of failure)
Press: ? - help, Q - select action, (/) - cycle Shift-Dir - straight line, f - endoplasm
Aim: an endoplasm (haloed)
You freeze the endoplasm.
You kill the endoplasm!
Sigmund the Dreaded comes into view.
He is wielding a +0 scythe.
Sigmund says, "Look into my eyes."
Sigmund screams, "Don't try to resist!"
Sigmund hits you but does no damage. A divine shield forms around you!
Sigmund closely misses you.
Aiming: Freeze (safe; 7% risk of failure)
Press: ? - help, Q - select action, (/) - cycle Shift-Dir - straight line, f - Sigmund
Aim: Sigmund, wielding a +0 scythe and wearing a +0 robe (haloed)
You freeze Sigmund!
Sigmund is moderately wounded.
Sigmund hits you with a +0 scythe.
Aiming: Freeze (safe; 7% risk of failure)
Press: ? - help, Q - select action, (/) - cycle Shift-Dir - straight line, f/p - Sigmund
Aim: Sigmund, wielding a +0 scythe and wearing a +0 robe (moderately wounded, haloed)
You freeze Sigmund.
Sigmund is moderately wounded.
Aiming: Freeze (safe; 7% risk of failure)
Press: ? - help, Q - select action, (/) - cycle Shift-Dir - straight line, f/p - Sigmund
Aim: Sigmund, wielding a +0 scythe and wearing a +0 robe (moderately wounded, haloed)
You freeze Sigmund.
Sigmund is heavily wounded.
Sigmund hits you with a +0 scythe. You block Sigmund's attack.
Sigmund breathes a few words.
Sigmund's hands start flickering wildly.
Sigmund mumbles some strange words.
Sigmund flickers and vanishes!
Deactivating autopickup; reactivate with Ctrl-A.
You hear some strange, mumbled words.
Something tries to affect you, but you resist.
Something hits you!
Ouch! That really hurt!
You die...

....
##..................
....
.....................
...
.....................
...............#######
......................
.....................
..(..........{.......
...#####.............
## #...@.........
#........#####
#........# #........#
#........# #........#
##########


There were no monsters in sight!

Vanquished Creatures
  An adder (D:2)
  2 endoplasms (D:3)
  A giant cockroach (D:3)
  A goblin (D:2)
  4 hobgoblins (D:2)
  3 jackals (D:2)
  3 bats (D:1)
  2 frilled lizards (D:1)
  5 rats
22 creatures vanquished.

Notes
Turn   | Place    | Note
-------+----------+-------------------------------------------
     0 | D:1      | hjjsjsjsj the Deep Elf Ice Elementalist began the quest for
                  | the Orb.
     0 | D:1      | Reached XP level 1. HP: 10/10 MP: 6/6
   345 | D:2      | Reached XP level 2. HP: 14/15 MP: 5/8
   413 | D:2      | Found a shimmering altar of Xom.
   438 | D:2      | Became a worshipper of Xom the Begetter of Discontinuities
   519 | D:2      | Found a faded altar of an unknown god.
   529 | D:2      | Prayed at the altar of an unknown god.
   529 | D:2      | Fell from the grace of Xom
   529 | D:2      | Became a worshipper of the Shining One
   529 | D:2      | Reached * piety under the Shining One
   543 | D:2      | Identified the +1 ring mail "Dopnadgho" {rC+ Will+ Int+3}
   651 | D:3      | Reached XP level 3. HP: 19/19 MP: 6/10
   672 | D:3      | Noticed Sigmund
   695 | D:3      | Slain by Sigmund

Illustrated notes

Levels and vault maps discovered:
D:1:      scummos_arrival_star, layout_loops_cross, serial_park_tiny_pond
D:2:      layout_basic, hellmonk_ecumenical_altar_zigzags, basic_altar
D:3:      layout_basic, pdpol_wu_jian_five_deadly_venoms, uniq_jessica,
          uniq_sigmund

Skill      XL: |  1  2 |
---------------+-------+-----
Dodging        | 3 |  3.0
Stealth        | 3 |  3.1
Spellcasting   | |  3.6
Ice Magic      | |  4.7

Action                   || total
-------------------------++-------
Melee: Unarmed           ||     1
 Cast: Freeze            ||    31
Invok: Divine Shield     ||     3
  Use: Scroll            ||     2
       Potion            ||     1
Armor: Robe              ||     4
       Ring mail         ||     5
Dodge: Dodged            ||    14
Block: Other             ||     1
